cohdb
Replays
Latest Replays
All Replays
Popular Replays
Top Player Replays
Match Explorer
How It Works
Community
CoH3 Stats
Reddit
Sign in to upload your games and track your stats! →
Sign in with Steam
Match 38446001
Unlisted
Match 38446001
Overview
Messages
Build Orders
End
Panzergrenadier Squad
Selects Battlefield Espionage Battlegroup
Selects Sector Subterfuge Beacon
250 Light Carrier
Panzergrenadier Squad
Construct Light Support Kompanie
Combat Half-tracks
Panzerjäger Squad
Fire Support Elements
Flakvierling Half-track
Selects Plunder
Veteran Squad Leaders
Panzerpioneer Squad
Construct Panzerarmee Kommand
Advanced Field Repairs
Selects 250/3 Funkpanzerwagen
Panzer III L Medium Tank
Selects Anti-Tank Incendiary Munitions
Panzerjäger Squad
Selects Firestorm
Firestorm
Advanced Optics
Armored Reserves
LEV-Detahaven
Tenshi
wallap
RainbowDurr
0
0
Comments
sign in to comment!
No comments posted yet!